 Dungeon Crawl Stone Soup version 0.28-a0-1147-gc7b72d3202 (webtiles) character file.

Game seed: 9000742312676800004

149 JamezByezz the Covered (level 5, -7/47 HPs)
             Began as a Minotaur Fighter on Dec 14, 2021.
             Was a Believer of Sif Muna.
             Mangled by Caerun's ghost (11 damage)
             ... on level 3 of the Dungeon.
             The game lasted 00:08:29 (2443 turns).

JamezByezz the Covered (Minotaur Fighter)           Turns: 2443, Time: 00:08:31

Health: -7/47      AC:  4    Str: 23    XL:     5   Next: 9%
Magic:  4/4        EV: 10    Int:  5    God:    Sif Muna [**....]
Gold:   77         SH:  4    Dex:  9    Spells: 4/4 levels left

rFire   . . .      SeeInvis .   i - +1 hand axe (flame)
rCold   . . .      Faith    .   c - +0 buckler
rNeg    . . .      Spirit   .   b - +0 scale mail
rPois   .          Reflect  .   (helmet restricted)
rElec   .          Harm     .   (no cloak)
rCorr   +          Rampage  .   g - +0 pair of gloves
Will    .....                   (no boots)
Stlth   ..........              (no amulet)
HPRegen 0.15/turn               h - ring of resist corrosion
MPRegen 0.09/turn               (no ring)

@: mighty, corroded
A: horns 2, retaliatory headbutt
a: Renounce Religion, Channel Magic


You were on level 3 of the Dungeon.
You worshipped Sif Muna.
Sif Muna was pleased with you.
You visited 1 branch of the dungeon, and saw 3 of its levels.

You collected 77 gold pieces.

Inventory:

Hand Weapons
 a - a +0 war axe
 i - a +1 hand axe of flaming (weapon)
Armour
 b - a +0 scale mail (worn)
 c - a +0 buckler (worn)
 g - a +0 pair of gloves (worn)
Magical Staves
 j - a staff of death
Jewellery
 h - a ring of resist corrosion (left hand)
Scrolls
 e - 2 scrolls of teleportation {unknown}
 f - 2 scrolls of identify {unknown}
Potions
 d - 2 potions of might
 k - a potion of heal wounds {unknown}
 l - a potion of attraction {unknown}
 m - a potion of brilliance {unknown}
 n - 2 potions of curing {unknown}


   Skills:
 + Level 4.4 Fighting
 + Level 3.9 Axes
 + Level 5.0 Armour
 + Level 1.2 Dodging
 + Level 0.1 Stealth
 + Level 4.1 Shields


You had 4 spell levels left.
You didn't know any spells.
Your spell library contained the following spells:

 Spells                   Type           Power      Damage    Failure   Level
 Summon Lightning Spire   Summ/Air       0%         N/A       100%        4
 Storm Form               Tmut/Air       0%         N/A       100%        7
 Maxwell's Capacitive Co  Air            0%         ∞         100%        8


Dungeon Overview and Level Annotations

Branches:
Dungeon (3/15)

Altars:
Sif Muna

Shops:
D:1 :

Annotations:
D:3 1 transporter, Caerun's ghost, amateur GrBe


Innate Abilities, Weirdness & Mutations

You have a pair of horns on your head.
You reflexively headbutt those who attack you in melee.


Message History

Your headbutt misses Caerun's ghost.
Caerun's ghost is moderately damaged.
You completely miss the jelly. Caerun's ghost barely misses you.
The jelly barely misses you.
You hit Caerun's ghost but do no damage.
You headbutt Caerun's ghost.
Caerun's ghost is moderately damaged.
You hit the jelly. You burn the jelly.
You kill the jelly!
Sif Muna accepts your kill. Caerun's ghost barely misses you.
Your Armour skill increases to level 5!
You have reached level 5!
You closely miss Caerun's ghost.
You headbutt Caerun's ghost, but do no damage.
Caerun's ghost is moderately damaged.
You hit the goblin. You burn the goblin. Caerun's ghost hits you.
The goblin unwields a +0 hunting sling.
The goblin wields a +0 dagger.
The goblin barely misses you. Caerun's ghost misses you.
You closely miss Caerun's ghost. Your headbutt misses Caerun's ghost.
Caerun's ghost is moderately damaged.
You closely miss the goblin. The goblin hits you with a +0 dagger.
Caerun's ghost hits you!
You hit Caerun's ghost but do no damage.
Caerun's ghost is moderately damaged.
You miss the goblin. The goblin hits you but does no damage.
Caerun's ghost hits you!
* * * LOW HITPOINT WARNING * * *
The goblin unwields a +0 dagger.
The goblin wields a +0 hunting sling.
The goblin shoots a stone.
The stone hits you.
* * * LOW HITPOINT WARNING * * *
You feel very mighty all of a sudden. Caerun's ghost barely misses you.
You hit Caerun's ghost but do no damage.
Caerun's ghost is moderately damaged.
You slash the goblin! You burn the goblin.
You kill the goblin!
Sif Muna accepts your kill. Caerun's ghost hits you!
You die...

##..##..#
.###########..##..#####
...<..................##
.#######................
#...#########...#
#..##©......##..#
#..#8..#.#..8#..####.#
#..#..#...#..#......
##..#:...@W...#...# ##
#..©#)...©)...#©..#
#...##...#$........#..##
.........#..#...#..#..#
#...###..#8..#.#..8#..##
.........##.......##...##
##<####...#########.....##
#..................#
##................##


You could see Caerun's ghost.

Vanquished Creatures
  A jelly (D:3)
  4 adders
  A worm (D:2)
  2 dart slugs (D:2)
  10 bats
  7 endoplasms
  A giant cockroach (D:1)
  8 goblins
  9 hobgoblins
  7 jackals
  2 quokkas (D:2)
  5 ball pythons
  2 frilled lizards
  A jackal skeleton (D:2)
  4 kobolds
  5 rats
69 creatures vanquished.

Vanquished Creatures (others)
  7 withered plants (D:2)
7 creatures vanquished.

Grand Total: 76 creatures vanquished

Notes
Turn   | Place    | Note
-------+----------+-------------------------------------------
     0 | D:1      | JamezByezz the Minotaur Fighter began the quest for the
                  | Orb.
     0 | D:1      | Reached XP level 1. HP: 19/19 MP: 0/0
    98 | D:1      | Reached XP level 2. HP: 27/27 MP: 1/1
   115 | D:1      | Found a faded altar of an unknown god.
   146 | D:1      | Prayed at the altar of an unknown god.
   146 | D:1      | Became a worshipper of Sif Muna the Loreminder
   146 | D:1      | Reached * piety under Sif Muna
   773 | D:1      | Found Byotuamy's Book Shop.
   783 | D:1      | Reached skill level 4 in Armour
   933 | D:1      | Reached XP level 3. HP: 24/33 MP: 2/2
  1238 | D:2      | Reached ** piety under Sif Muna
  1530 | D:2      | Reached XP level 4. HP: 38/40 MP: 3/3
  2258 | D:3      | Reached skill level 1 in Dodging
  2342 | D:3      | Found a transporter.
  2345 | D:3      | Noticed Caerun's ghost (amateur GrBe)
  2409 | D:3      | Found a transporter.
  2438 | D:3      | Reached skill level 5 in Armour
  2438 | D:3      | Reached XP level 5. HP: 35/47 MP: 4/4
  2443 | D:3      | Mangled by Caerun's ghost

Illustrated notes

Levels and vault maps discovered:
D:1:      minmay_arrival_stone_box, layout_rooms, serial_shops,
          nicolae_shop_crystal, ebering_ecumenical_altar_abandoned,
          hangedman_decor_peaks_small, minmay_statues_item,
          kennysheep_another_room
D:2:      layout_basic, serial_undead, serial_undead_b, serial_undead_c,
          serial_undead_a, serial_undead_e, serial_undead_f,
          kennysheep_pointless_box
D:3:      layout_loops_ring, mainiacjoe_overflow_cross_hatched,
          gammafunk_ghost_arena, chequers_decorated_corner

Skill      XL: |  1  2  3  4 |
---------------+-------------+-----
Fighting       | 4 |  4.4
Shields        | 4 |  4.1
Armour         | 4 5 |  5.0
Axes           | 3 |  3.9
Dodging        | 1 |  1.2
Stealth        | |  0.1

Action                   |  1- 3 |  4- 6 || total
-------------------------+-------+-------++-------
Melee: War axe           |    21 |       ||    21
       Headbutt          |     7 |     7 ||    14
       Hand axe          |    51 |    43 ||    94
Invok: Channel Magic     |       |     1 ||     1
  Use: Potion            |       |     1 ||     1
Armor: Scale mail        |    69 |    28 ||    97
Dodge: Dodged            |    62 |    35 ||    97
Block: Buckler           |    24 |    15 ||    39

Table legend: (Time is in decaauts)
 A = Elapsed time spent in this place.
 B = Non-inter-level travel time spent in this place.
 C = Inter-level travel time spent in this place.
 D = Time resting spent in this place.
 E = Time spent auto-exploring this place.
 F = Levels seen in this place.
 G = Mean time per level.
                   A        B        C        D        E       F      G
               +--------+--------+--------+--------+--------+-----+--------+
         Total |   2467 |   2430 |     37 |    495 |    838 |   3 |  822.3 |
       Dungeon |   2467 |   2430 |     37 |    495 |    838 |   3 |  822.3 |
               +--------+--------+--------+--------+--------+-----+--------+

Top non-repeatable levels by time:
     D:1: 1125 daAuts
     D:2: 1080 daAuts
     D:3: 261 daAuts
